 Dungeon Crawl Stone Soup version 0.31-a0-1589-g8f5e8aebd6 (webtiles) character file.

Game seed: 18345929965221660776

109 Flugslaktarn the Apothecary (level 4, -13/27 HPs)
             Began as an Octopode Alchemist on Jan 5, 2024.
             Was an Initiate of Sif Muna.
             Mangled by an ogre
             ... wielding a +0 giant club
              (22 damage)
             ... on level 5 of the Dungeon.
             The game lasted 00:01:36 (752 turns).

Flugslaktarn the Apothecary (Octopode Alchemist)     Turns: 752, Time: 00:01:37

Health: -13/27     AC:  1    Str:  7    XL:     4   Next: 89%
Magic:  1/8        EV: 13    Int: 19    God:    Sif Muna [......]
Gold:   56         SH:  0    Dex: 12    Spells: 4/9 levels left

rFire   . . .        b - +0 dagger
rCold   . . .        (no shield)
rNeg    . . .        (helmet restricted)
rPois   +            (no amulet)
rElec   .            o - ring of poison resistance
rCorr   .            (no ring)
SInv    .            (no ring)
Will    .....        (no ring)
Stlth   +++          (no ring)
HPRegen 0.24/turn    (no ring)
MPRegen 0.11/turn    (no ring)
                     (no ring)

%: no passive effects
@: no status effects
A: almost no armour, amphibious, 8 rings, camouflage 1, gelatinous body 1,
(nimble swimmer 1), tentacles
a: Renounce Religion


You were on level 5 of the Dungeon.
You worshipped Sif Muna.
Sif Muna was noncommittal.
You visited 2 branches of the dungeon, and saw 6 of its levels.

You collected 56 gold pieces.

Inventory:

Hand Weapons
 b - a +0 dagger (weapon)
   (You took it off Jessica on level 2 of the Dungeon)
Jewellery
 o - a ring of poison resistance (left tentacle)
   (You found it on level 1 of the Dungeon)
Scrolls
 c - 3 scrolls of identify {unknown}
 d - 2 scrolls of blinking {unknown}
 e - a scroll of teleportation {unknown}
 f - a scroll of vulnerability {unknown}
Potions
 a - a potion of magic


   Skills:
 - Level 2.0 Dodging
 - Level 2.6 Stealth
 + Level 3.0 Spellcasting
 - Level 1.0 Conjurations
 * Level 5.2 Alchemy


You had 4 spell levels left.
You knew the following spells:

 Your Spells              Type           Power      Damage    Failure   Level
a - Sting                 Conj/Alch      56%        1d6       4%          1
b - Olgreb's Toxic Radia  Alch           22%        N/A       17%         4

Your spell library contained the following spells:

 Spells                   Type           Power      Damage    Failure   Level
 Mercury Vapours          Alch/Air       24%        N/A       8%          2
 Mephitic Cloud           Conj/Alch/Air  10%        N/A       19%         3
 Sticky Flame             Fire/Alch      12%        2d5       45%         4


Dungeon Overview and Level Annotations

Branches:
Dungeon (5/15)             Temple (1/1) D:4

Altars:
Ashenzari
Cheibriados
Dithmenos
Elyvilon
Fedhas
Gozag
Kikubaaqudgha
Makhleb
Nemelex Xobeh
Okawaru
Qazlal
Ru
Sif Muna
Trog
Uskayaw
Vehumet
Wu Jian
Yredelemnul
Zin
The Shining One

Annotations:
D:4 Edmund


Innate Abilities, Weirdness & Mutations

You cannot wear most types of armour.
You are amphibious.
You can wear up to eight rings at the same time.
Your skin changes colour to match your surroundings (Stealth+).
Your rubbery body absorbs attacks. (AC +1, EV +1)
((You are camouflaged when in or above water. (Stealth+)))
You have tentacles for arms and can constrict up to eight enemies at once.


Message History

You constrict the goblin, but do no damage.
The goblin barely misses you.
You barely miss the goblin.
The goblin is moderately wounded.
You constrict the goblin. The goblin barely misses you.
You hit the goblin.
You kill the goblin!
Sif Muna accepts your kill.
Things that are here:
a +0 club; a +0 sling A hobgoblin comes into view.
The hobgoblin shouts!
Things that are here:
a +0 flail; a +0 scale mail A hobgoblin is nearby!
Casting: Sting (safe; 4% risk of failure)
Confirm with . or Enter, or press ? or * to list all spells.
Aiming: Sting (safe; 4% risk of failure)
Press: ? - help, Shift-Dir - straight line, f - hobgoblin
Aim: a hobgoblin (71% to hit)
The sting hits the hobgoblin.
The hobgoblin is poisoned.
The hobgoblin is almost dead.
You kill the hobgoblin!
Sif Muna accepts your kill.
A quokka comes into view.
Things that are here:
a +0 flail; a +0 scale mail You see here an adder corpse.
Casting: Sting (safe; 4% risk of failure)
Confirm with . or Enter, or press ? or * to list all spells.
Aiming: Sting (safe; 4% risk of failure)
Press: ? - help, Shift-Dir - straight line, f - quokka
Aim: a quokka (60% to hit)
The sting hits the quokka.
The quokka is poisoned.
The quokka is severely wounded.
Casting: Sting (safe; 4% risk of failure)
Confirm with . or Enter, or press ? or * to list all spells.
You don't have enough magic to cast this spell.
The quokka barely misses you.
You hit the quokka but do no damage. You grab the quokka.
The quokka is almost dead.
You constrict the quokka.
You kill the quokka!
Sif Muna accepts your kill.
You see here an adder corpse.
This spell is extremely dangerous to cast!
You start memorising the spell.
You continue memorising. x4
You finish memorising.
Spell assigned to 'b'.
An orc priest comes into view. It is wielding a +0 mace.
An orc priest is nearby!
Unknown command.
Found a quarterstaff.
An orc comes into view. It is wielding a +0 dagger.
Found a stone staircase leading down.
Edmund the Younger comes into view.
He is wielding a +2 dire flail of draining.
There is a stone staircase leading down here.
There is a stone staircase leading down here.
You climb downwards.
The ogre shouts!
There is a stone staircase leading up here.
Unknown command.
Casting: Sting (safe; 4% risk of failure)
Confirm with . or Enter, or press ? or * to list all spells.
Aiming: Sting (safe; 4% risk of failure)
Press: ? - help, Shift-Dir - straight line, f - ogre
Aim: an ogre, wielding a +0 giant club (86% to hit)
The sting hits the ogre.
The ogre is poisoned.
The ogre is lightly wounded.
Casting: Sting (safe; 4% risk of failure)
Confirm with . or Enter, or press ? or * to list all spells.
Aiming: Sting (safe; 4% risk of failure)
Press: ? - help, Shift-Dir - straight line, f/p - ogre
Aim: an ogre, wielding a +0 giant club (lightly wounded, poisoned, 86% to hit)
The sting hits the ogre.
The ogre looks even sicker.
The ogre is moderately wounded.
You aren't carrying any items that you can evoke.
Unknown command.
Okay, then.
Okay, then.
Casting: Sting (safe; 4% risk of failure)
Confirm with . or Enter, or press ? or * to list all spells.
You begin to radiate toxic energy.
The ogre looks even sicker.
The ogre looks as sick as possible!
Casting: Olgreb's Toxic Radiance (extremely dangerous; 17% risk of failure)
Confirm with . or Enter, or press ? or * to list all spells.
Aiming: Sting (safe; 4% risk of failure)
Press: ? - help, Shift-Dir - straight line, f/p - ogre
Aim: an ogre, wielding a +0 giant club (heavily wounded, extremely poisoned, 86% to hit)
The sting misses the ogre.
Your toxic aura wanes.
The ogre hits you with a +0 giant club!!
Ouch! That really hurt!
* * * LOW HITPOINT WARNING * * *
Unknown command.
Unknown command.
You hit the ogre.
The ogre is severely wounded.
The ogre hits you with a +0 giant club!!
Ouch! That really hurt!
You die...

## #### ..##
#@.### .....
#.O..##.....
###.........
##......##
#.........
#<...##...
#....## #.
#.....#
#......#


You could see an ogre (very poisoned).

Vanquished Creatures
  A hound (D:4)
  Jessica (D:2)
  2 adders
  An ufetubus (D:3)
  An orc (D:4)
  3 bats
  4 endoplasms (D:2)
  4 giant cockroaches
  A goblin (D:4)
  3 hobgoblins
  2 kobolds
  A quokka (D:4)
  A ball python (D:2)
  4 frilled lizards
29 creatures vanquished.

Notes
Turn   | Place    | Note
-------+----------+-------------------------------------------
     0 | D:1      | Flugslaktarn the Octopode Alchemist began the quest for the
                  | Orb.
     0 | D:1      | Reached XP level 1. HP: 11/11 MP: 3/3
    72 | D:2      | Noticed Jessica
    79 | D:2      | Killed Jessica
    80 | D:2      | Reached skill level 4 in Alchemy
    80 | D:2      | Reached XP level 2. HP: 13/17 MP: 1/5
    80 | D:2      | Reached XP level 3. HP: 16/21 MP: 1/6
   525 | D:3      | Reached XP level 4. HP: 17/27 MP: 1/8
   584 | D:4      | Found a staircase to the Ecumenical Temple.
   592 | D:4      | Reached skill level 5 in Alchemy
   598 | Temple   | Entered the Ecumenical Temple
   619 | Temple   | Became a worshipper of Sif Muna the Loreminder
   693 | D:4      | Learned a level 4 spell: Olgreb's Toxic Radiance
   720 | D:4      | Noticed Edmund
   741 | D:5      | Entered Level 5 of the Dungeon
   741 | D:5      | Noticed an ogre
   752 | D:5      | Mangled by an ogre

Illustrated notes

Levels and vault maps discovered:
D:1:      minmay_arrival_doors, layout_loops_ring
D:2:      layout_loops_ring, uniq_jessica
D:3:      wad_river_or_something, layout_basic, hellmonk_ghost_happy_afterlife,
          moated_statue, uniq_crazy_yiuf_cottage, uniq_ijyb
D:4:      layout_cave_pools, minmay_temple_entry_large_hall,
          kennysheep_cross_room, uniq_edmund
D:5:      layout_layer_cave, serial_shops, kennysheep_mini_moat, uniq_duvessa,
          uniq_prince_ribbit1, uniq_menkaure
Temple:   nicolae_temple_slightly_damp_pantheon

Skill      XL: |  1  2  3  4 |
---------------+-------------+-----
Alchemy        | 4 5 |  5.2
Spellcasting   | 3 |  3.0
Dodging        | |  2.0
Stealth        | |  2.6
Conjurations   | |  1.0

Action                     |  1- 3 |  4- 6 || total
---------------------------+-------+-------++-------
  Melee: Unarmed           |     6 |       ||     6
         Tentacles         |     4 |     2 ||     6
         Constrict         |     3 |     5 ||     8
         Dagger            |    18 |    15 ||    33
   Cast: Sting             |    21 |    20 ||    41
         Olgreb's Toxic Ra |       |     1 ||     1
 Armour: Skin              |    13 |    12 ||    25
  Dodge: Dodged            |    18 |    24 ||    42

Table legend: (Time is in decaauts)
 A = Elapsed time spent in this place.
 B = Non-inter-level travel time spent in this place.
 C = Inter-level travel time spent in this place.
 D = Time resting spent in this place.
 E = Time spent auto-exploring this place.
 F = Levels seen in this place.
 G = Mean time per level.
                   A        B        C        D        E       F      G
               +--------+--------+--------+--------+--------+-----+--------+
         Total |    750 |    697 |     53 |      0 |    385 |   6 |  125.0 |
       Dungeon |    707 |    694 |     13 |      0 |    385 |   5 |  141.4 |
        Temple |     42 |      2 |     40 |      0 |      0 |   1 |   42.0 |
               +--------+--------+--------+--------+--------+-----+--------+

Top non-repeatable levels by time:
     D:2: 456 daAuts
     D:4: 127 daAuts
     D:3: 62 daAuts
     D:1: 50 daAuts
  Temple: 42 daAuts
     D:5: 10 daAuts
